AoeStats
← FF Disasterpiece

African Clearing

505600195Analyzed
2v2 RM · 23d ago on Sep 10, 2026· 64m 53s· 4 players
Game mode
Random Map
Map size
Medium (4 player)
Population
200
Speed
Normal
Resources
Standard
Victory
Conquest
Starting age
Dark Age
Ending age
Imperial Age
RankedLock teamsTeams togetherTeam positionsShared explorationLock speedFull tech treeHidden civsTurbo modeCheats
Victory
Defeat
🇮🇳 Vietnamese · India
846
+12
🇲🇽 Mapuche · Mexico
749
+16
🇨🇱 Britons · Chile
798
-15
🇨🇱 Mongols · Chile
721
-13
FF MithDark
8:46 Loom
17:06 Feudal Age
22:28 Bloodlines
25:15 Castle Age
24:23 Double-Bit Axe
24:20 Horse Collar
27:03 Husbandry
29:58 Ballistics
30:39 Thumb Ring
30:35 Fletching
31:58 Forging
34:04 Iron Casting
34:07 Nomads
34:24 Scale Barding Armor
35:17 Light Cavalry
38:22 Masonry
39:48 Wheelbarrow
39:38 Bodkin Arrow
45:18 Imperial Age
43:28 Padded Archer Armor
47:07 Conscription
49:20 Hand Cart
53:29 Heavy Camel Rider
55:34 Chemistry
56:59 Chain Barding Armor
57:35 Cavalier
60:34 Bracer
FF Disasterpiece
16:28 Feudal Age
21:05 Fletching
24:46 Castle Age
24:33 Padded Archer Armor
26:26 Horse Collar
27:28 Bodkin Arrow
28:29 Crossbowman
29:00 Double-Bit Axe
29:19 Heavy Plow
30:07 Stone Mining
30:08 Gold Mining
32:20 Wheelbarrow
32:33 Ballistics
35:06 Gold Shaft Mining
37:30 Bow Saw
38:00 Yeomen
38:15 Leather Archer Armor
37:35 Pikeman
38:15 Squires
42:49 Imperial Age
40:35 Gambesons
42:34 Scale Mail Armor
42:47 Forging
44:08 Conscription
43:13 Arbalester
46:26 Two-Man Saw
46:26 Bracer
47:22 Hand Cart
49:43 Chemistry
56:35 Halberdier
62:40 Ring Archer Armor
Odo'Sha
5:59 Loom
13:42 Feudal Age
15:24 Champi Runner
23:10 Castle Age
22:02 Double-Bit Axe
27:29 Ballistics
28:03 Champi Warrior
29:46 Bow Saw
29:48 Treadmill Crane
35:30 Malon
36:49 Horse Collar
37:01 Gold Mining
37:05 Stone Mining
41:07 Wheelbarrow
40:41 Heavy Plow
40:57 Forging
40:42 Fletching
45:03 Imperial Age
45:04 Hand Cart
50:35 Elite Kona
55:22 Hoardings
55:05 Masonry
56:32 Bodkin Arrow
56:37 Padded Archer Armor
63:10 Leather Archer Armor
63:06 Forging
63:51 Architecture
aj153
5:07 Loom
14:35 Feudal Age
15:24 Double-Bit Axe
17:16 Gold Mining
21:17 Castle Age
20:14 Stone Mining
23:12 Fletching
25:48 Bodkin Arrow
26:11 Horse Collar
28:33 Forging
28:22 Town Watch
29:29 Padded Archer Armor
30:09 Bow Saw
33:47 Ballistics
34:31 Scale Barding Armor
37:47 Bloodlines
43:38 Imperial Age
43:12 Scale Mail Armor
43:47 Iron Casting
42:41 Elite Skirmisher
44:23 Chain Barding Armor
44:54 Bracer
45:59 Paper Money
46:31 Chatras
47:25 Thumb Ring
46:41 Imperial Skirmisher
48:58 Heavy Plow
49:34 Leather Archer Armor
49:12 Capped Ram
51:13 Ring Archer Armor
52:38 Chemistry
51:44 Squires
54:24 Two-Man Saw
54:45 Plate Barding Armor
54:50 Crop Rotation
56:01 Chain Mail Armor
55:09 Elite Rattan Archer
58:36 Plate Mail Armor
59:10 Husbandry
60:20 Wheelbarrow
59:48 Town Patrol
62:14 Caravan
64:24 Hoardings
63:14 Elite Battle Elephant
Connection lost

Rejoining the realm…

Still unreachable

The connection could not be restored.

Session expired

The server has moved on; the page needs a fresh start.